Map: Central Protocol

Players

Miszu

  • Race: Terran Terran
  • League: Master

memOryfreak - Winner!

  • Race: Zerg Zerg
  • League: Master

VOD

Have the link to the VOD?

Description

Time

  • Played on: March 13, 2016, 9:19 a.m.
  • Length: 3:46
Show
View Real Time Build Order
Export as new Build Order

Miszu Terran 

Build Orders: Reaper Expand 

Get SALT Encoding   

  12  0:02  SCV  
  13  0:14  SCV  
  14  0:18  Supply Depot  
  14  0:26  SCV  
  15  0:40  SCV  
  15  0:42  Barracks  
  16  0:43  Refinery  
  16  0:52  SCV  
  17  1:04  SCV  
  18  1:16  SCV  
  19  1:30  Barracks Reactor, Orbital Command  
  19  1:37  Reaper  
  20  1:41  Command Center  
  20  1:51  Supply Depot  
  20  1:54  Refinery  
  20  1:58  SCV  
  21  2:10  SCV  
  21  2:11  Factory  
  22  2:22  SCV  
  23  2:25  Barracks Reactor  
  23  2:34  SCV  
  24  2:46  SCV  
  25  2:55  Starport, Factory Tech Lab  
  25  2:57  Orbital Command  
  25  2:58  SCV  
  25  3:04  Marine x2  
  28  3:10  SCV  
  32  3:22  SCV  
  32  3:24  Marine x2  
  35  3:32  SCV  
  36  3:43  Supply Depot  
Show
View Real Time Build Order
Export as new Build Order

memOryfreak Zerg - Winner!

Build Orders: Hatch First 

Get SALT Encoding   

  12  0:01  Drone  
  13  0:12  Overlord  
  13  0:17  Drone  
  14  0:31  Drone x2  
  17  0:35  Drone  
  17  0:52  Hatchery  
  17  0:55  Drone  
  17  0:58  Extractor  
  17  1:00  Drone  
  17  1:14  Spawning Pool  
  17  1:17  Drone  
  17  1:20  Drone  
  18  1:28  Drone  
  19  1:39  Overlord  
  19  2:02  Metabolic Boost, Queen  
  19  2:03  Zergling x4  
  19  2:04  Queen  
  19  2:08  Zergling x2  
  26  2:14  Drone  
  27  2:17  Drone  
  29  2:22  Drone  
  29  2:31  Overlord  
  29  2:40  Queen  
  31  2:47  Drone x4  
  35  3:05  Zergling x6  
  37  3:10  Overlord  
  37  3:12  Zergling x2  
  39  3:13  Zergling x4  
  39  3:14  Zergling x4  
  39  3:15  Zergling x2  
Tags
 
Add a new tag
Caveats
  • Supply blocks, unpowered buildings, or Contaminate may cause inaccurate times.
  • Supply counts are checked every 10 seconds.